 Dungeon Sprint DCSS version 0.21-a0-67-g3f13d09 (webtiles) character file.

4099 Kidiri the Covert (level 10, -3/51 HPs)
             Began as a Spriggan Enchanter on June 17, 2017.
             Was an Elder of Wu Jian.
             Killed from afar by an oklob plant (19 damage)
             ... with a splash of acid
             ... in the Dungeon (Sprint IV: "Fedhas' Mad Dash").
             The game lasted 00:06:47 (1854 turns).

Kidiri the Covert (Spriggan Enchanter)              Turns: 1854, Time: 00:06:47

Health: -3/51      AC: -1    Str:  4    XL:     10   Next: 6%
Magic:  18/26      EV: 31    Int: 18    God:    Wu Jian [****..]
Gold:   196        SH:  0    Dex: 19    Spells: 17/32 levels left

rFire    . . .     SeeInvis +   a - +1 dagger
rCold    . . .     Gourm    .   (shield restricted)
rNeg     . . .     Faith    .   b - +0 robe
rPois    .         Spirit   .   (helmet restricted)
rElec    .         Reflect  .   (no cloak)
rCorr    .         Harm     .   (gloves unavailable)
MR       +....     NoTele   +   (boots unavailable)
Stlth    ++++++....             i - amulet of invisibility {+Inv}
HPRegen  0.17/turn              (no ring)
MPRegen  0.20/turn              (no ring)

@: exhausted, corroded, very slightly contaminated, invisible, very quick
A: unfitting armour, see invisible, herbivore 3, speed 3, slow metabolism 2
a: Serpent's Lash, Renounce Religion


You were in the Dungeon.
You worshipped Wu Jian.
Wu Jian was greatly pleased with you.
You were not hungry.

You visited 1 branch You collected 196 gold pieces.

Inventory:

Hand Weapons
 a - a +1 dagger (weapon)
 m - the +8 spear of World's End {flame, rElec Str+4}
   (You found it in the Dungeon)

   It has been specially enchanted to burn those struck by it, causing extra
   injury to most foes and up to half again as much damage against particularly
   susceptible opponents.
   It affects your strength (+4).
   It insulates you from electricity.
Armour
 b - a +0 robe (worn)
Jewellery
 i - the amulet of invisibility (around neck) {+Inv}
   (You found it in the Dungeon)

   [amulet of nothing]

   It lets you turn invisible.
 n - a +3 amulet of reflection
Scrolls
 j - 2 scrolls of blinking
 k - a scroll of identify {unknown}
 l - a scroll of immolation {unknown}
Potions
 e - a potion of curing
 g - a potion of haste
 h - 2 potions of magic
 o - a potion of lignification {unknown}
Books
 c - a book of Maledictions

   Spells                             Type                      Level
   a - Corona                         Hexes                        1
   b - Ensorcelled Hibernation        Hexes/Ice                    2
   c - Confuse                        Hexes                        3
   d - Tukima's Dance                 Hexes                        3
   e - Dazzling Spray                 Conjuration/Hexes            3
 f - a book of Necromancy

   Spells                             Type                      Level
   a - Pain                           Necromancy                   1
   b - Animate Skeleton               Necromancy                   1
   c - Vampiric Draining              Necromancy                   3
   d - Regeneration                   Charms/Necromancy            3
   e - Animate Dead                   Necromancy                   4
   f - Control Undead                 Necromancy                   4
Comestibles
 d - a bread ration


   Skills:
 + Level 5.3 Fighting
 * Level 10.6 Short Blades
 + Level 4.8 Armour
 * Level 13.2 Dodging
 * Level 14.6 Stealth
 * Level 11.5 Spellcasting
 + Level 4.2 Conjurations
 + Level 8.8 Hexes
 + Level 1.7 Charms
 + Level 1.0 Necromancy
 + Level 5.1 Ice Magic


You had 17 spell levels left.
You knew the following spells:

 Your Spells              Type           Power        Failure   Level  Hunger
a - Corona                Hex            #####..      1%          1    None
b - Ensorcelled Hibernat  Hex/Ice        #####.       1%          2    None
c - Confuse               Hex            #####...     1%          3    None
d - Tukima's Dance        Hex            #####...     1%          3    None
e - Dazzling Spray        Conj/Hex       ####..       1%          3    None
f - Regeneration          Chrm/Necr      ###.......   12%         3    None


Dungeon Overview and Level Annotations

Branches:
Dungeon (1/1)

Altars:
Cheibriados
Dithmenos
Elyvilon
Gozag
Hepliaklqana
Kikubaaqudgha
Makhleb
Nemelex Xobeh
Okawaru
Qazlal
Ru
Sif Muna
Trog
Uskayaw
Vehumet
Wu Jian
Xom
Yredelemnul
Zin
The Shining One
Beogh
Jiyva
Lugonu

Shops:
D **(%

Annotations:
D exclusion: oklob plant


Innate Abilities, Weirdness & Mutations

You are very small and have problems with some larger weapons.
You are too small for most types of armour.
You have supernaturally acute eyesight. (SInv)
You are a herbivore.
You cover ground extremely quickly.
You need consume almost no food.


Message History

You spin and attack the oklob plant shifter repeatedly.
You hit the oklob plant shifter but do no damage.
The oklob plant shifter is moderately damaged.
You strike the helpless oklob plant shifter from behind!
You spit the oklob plant shifter like a pig!!!
You destroy the oklob plant shifter!
The Council accepts your kill.
Your Necromancy skill increases to level 1!
You have reached level 10!
You feel agile.
You are too injured to fight recklessly!
You are too injured to fight recklessly!
You are too injured to fight recklessly!
You lunge at the oklob plant.
You catch the helpless oklob plant completely off-guard!
You stick the oklob plant like a pincushion!!!
The oklob plant is almost destroyed.
The oklob plant spits acid at you. The splash of acid hits you!
You die...

########################
_._._.⌠.#..+%..#.%..##∩#
._._._..+..#)..#....+(.#
_._._...#..###+##...##∩#
._._._..#.(##∩∩.+...####
_._._.⌠.#############
#############..P.=(#
..♣[###.'..'....@$)+
♣..♣##..#..#.P.....#
.♣..###.##+##.P....#
...♣'...# ########
#########


You could see an oklob plant.

Vanquished Creatures
  A spriggan druid (D)
  5 oklob plants (D)
  A queen bee (D)
  3 burning bushes (D)
  3 wandering mushrooms (D)
  2 scorpions (D)
  4 killer bees (D)
  5 oklob saplings (D)
  A worker ant (D)
  2 spriggans (D)
  A river rat (D)
  A rat (D)
  A ballistomycete (D)
  A ballistomycete spore (D)
31 creatures vanquished.

Notes
Turn   | Place    | Note
-------+----------+-------------------------------------------
     0 | D        | Kidiri the Spriggan Enchanter began the quest for the Orb.
     0 | D        | Reached XP level 1. HP: 9/9 MP: 5/5
   317 | D        | Reached skill level 5 in Stealth
   317 | D        | Reached XP level 2. HP: 2/14 MP: 7/7
   600 | D        | Learned a level 2 spell: Ensorcelled Hibernation
   604 | D        | Noticed an oklob sapling
   605 | D        | Killed an oklob sapling
   605 | D        | Reached skill level 1 in Fighting
   605 | D        | Reached skill level 1 in Armour
   605 | D        | Reached skill level 6 in Stealth
   605 | D        | Reached XP level 3. HP: 18/18 MP: 7/9
   610 | D        | Learned a level 3 spell: Confuse
   614 | D        | Learned a level 3 spell: Tukima's Dance
   626 | D        | Reached skill level 1 in Ice Magic
   660 | D        | Noticed an oklob sapling
   663 | D        | Killed an oklob sapling
   663 | D        | Reached skill level 5 in Dodging
   663 | D        | Reached skill level 7 in Stealth
   663 | D        | Reached XP level 4. HP: 23/23 MP: 8/11
   674 | D        | Learned a level 3 spell: Dazzling Spray
   798 | D        | Found an opulent altar of Gozag.
   798 | D        | Found a hazy altar of Hepliaklqana.
   798 | D        | Found a roughly hewn altar of Beogh.
   798 | D        | Found a snail-covered altar of Cheibriados.
   799 | D        | Found a viscous altar of Jiyva.
   799 | D        | Found a burning altar of Makhleb.
   799 | D        | Found a sparkling altar of Nemelex Xobeh.
   799 | D        | Found a sacrificial altar of Ru.
   799 | D        | Found a deep blue altar of Sif Muna.
   799 | D        | Found a bloodstained altar of Trog.
   799 | D        | Found an ornate altar of the Wu Jian Council.
   799 | D        | Found a shimmering altar of Xom.
   799 | D        | Found a basalt altar of Yredelemnul.
   800 | D        | Found an iron altar of Okawaru.
   800 | D        | Found a glowing silver altar of Zin.
   800 | D        | Found a shadowy altar of Dithmenos.
   801 | D        | Found a hide-covered altar of Uskayaw.
   801 | D        | Found an ancient bone altar of Kikubaaqudgha.
   807 | D        | Became a worshipper of the Wu Jian Council
   808 | D        | Found a glowing golden altar of the Shining One.
   808 | D        | Found a stormy altar of Qazlal.
   808 | D        | Found a white marble altar of Elyvilon.
   809 | D        | Found a radiant altar of Vehumet.
   809 | D        | Found a corrupted altar of Lugonu.
   812 | D        | Reached skill level 5 in Spellcasting
   812 | D        | Reached XP level 5. HP: 26/26 MP: 11/14
   925 | D        | Reached skill level 5 in Short Blades
   925 | D        | Reached skill level 8 in Stealth
   925 | D        | Reached skill level 5 in Hexes
   937 | D        | Reached * piety under Wu Jian
   944 | D        | Reached skill level 9 in Stealth
   944 | D        | Reached skill level 1 in Conjurations
   954 | D        | Found Fub Pioh's Assorted Antiques.
   954 | D        | Found Juipti's General Store.
  1089 | D        | Noticed a burning bush
  1089 | D        | Noticed a wandering mushroom
  1090 | D        | Noticed a wandering mushroom
  1092 | D        | Killed a wandering mushroom
  1092 | D        | Reached ** piety under Wu Jian
  1092 | D        | Reached skill level 10 in Stealth
  1092 | D        | Reached XP level 6. HP: 32/32 MP: 13/17
  1093 | D        | Killed a burning bush
  1093 | D        | Reached XP level 7. HP: 36/36 MP: 13/19
  1094 | D        | Reached skill level 11 in Stealth
  1095 | D        | Killed a wandering mushroom
  1095 | D        | Reached skill level 10 in Dodging
  1099 | D        | Found Otset's Weapon Shoppe.
  1100 | D        | Found Hozets's Food Emporium.
  1103 | D        | Got a jewelled spear
  1104 | D        | Identified the +8 spear of World's End {flame, rElec Str+4} (You found it in the Dungeon)
  1370 | D        | Noticed a queen bee
  1377 | D        | Killed a queen bee
  1377 | D        | Reached *** piety under Wu Jian
  1377 | D        | Reached XP level 8. HP: 42/42 MP: 20/22
  1378 | D        | Reached skill level 12 in Stealth
  1379 | D        | Reached **** piety under Wu Jian
  1383 | D        | Noticed an oklob plant
  1385 | D        | Killed an oklob plant
  1553 | D        | Noticed a burning bush
  1556 | D        | Killed a burning bush
  1556 | D        | Reached skill level 13 in Stealth
  1556 | D        | Reached skill level 10 in Spellcasting
  1556 | D        | Reached XP level 9. HP: 46/46 MP: 22/24
  1574 | D        | Noticed a burning bush
  1574 | D        | Noticed an oklob plant
  1575 | D        | Noticed a wandering mushroom
  1576 | D        | Killed a burning bush
  1580 | D        | Killed an oklob plant
  1581 | D        | Killed a wandering mushroom
  1581 | D        | Reached ***** piety under Wu Jian
  1581 | D        | Reached skill level 10 in Short Blades
  1593 | D        | Noticed a spriggan druid
  1621 | D        | Killed a spriggan druid
  1621 | D        | Reached skill level 5 in Fighting
  1621 | D        | Reached skill level 14 in Stealth
  1788 | D        | Noticed an oklob plant conjurer
  1789 | D        | Killed an oklob plant conjurer
  1789 | D        | Reached skill level 5 in Ice Magic
  1796 | D        | Learned a level 3 spell: Regeneration
  1830 | D        | Noticed an oklob plant
  1830 | D        | Noticed an oklob plant summoner
  1831 | D        | Noticed an oklob plant shifter
  1834 | D        | Killed an oklob plant summoner
  1834 | D        | Reached skill level 1 in Charms
  1852 | D        | Killed an oklob plant shifter
  1852 | D        | Reached skill level 1 in Necromancy
  1852 | D        | Reached XP level 10. HP: 16/51 MP: 18/26
  1854 | D        | Killed from afar by an oklob plant

Vault maps used:
D:        dungeon_sprint_fedhas

Skill      XL: |  1  2  3  4  5  6  7  8  9 |
---------------+----------------------------+-----
Stealth        | 5 6 7 10 11 13 14 | 14.6
Spellcasting   | 3 4 5 7 8 9 10 11 | 11.5
Short Blades   | 2 3 4 6 7 8 9 10 | 10.6
Fighting       | 1 2 3 4 5 |  5.3
Armour         | 1 2 3 4 |  4.8
Dodging        | 4 5 6 8 9 10 11 13 | 13.2
Hexes          | 4 6 7 8 |  8.8
Ice Magic      | 1 3 4 5 |  5.1
Conjurations   | 1 2 3 4 |  4.2
Charms         | 1 |  1.7
Necromancy     | 1 |  1.0

Action                   |  1- 3 |  4- 6 |  7- 9 | 10-12 || total
-------------------------+-------+-------+-------+-------++-------
Melee: Dagger            |    10 |    12 |    49 |     1 ||    72
 Cast: Ensorcelled Hiber |     1 |     2 |     1 |       ||     4
       Dazzling Spray    |       |     1 |     6 |       ||     7
Invok: Serpent's Lash    |       |       |     2 |       ||     2
       Heavenly Storm    |       |       |     1 |       ||     1
 Abil: Evoke Invisibilit |     1 |     3 |     4 |       ||     8
  Use: Potion            |     1 |       |     1 |       ||     2
 Stab: Sleeping          |     3 |     5 |    14 |       ||    22
       Invisible         |       |     2 |     3 |     1 ||     6
  Eat: Royal jelly       |       |       |     3 |       ||     3
Dodge: Dodged            |     4 |    11 |     8 |       ||    23
Block: Other             |       |       |     1 |       ||     1
       Reflection        |       |       |     1 |       ||     1
